 Dungeon Crawl Stone Soup version 0.17-a0-1667-g4ca74a1 (webtiles) character file.

197501 HEYYEYAAE the Prestidigitator (level 18, -3/179 HPs)
             Began as a Deep Dwarf Chaos Knight on Aug 16, 2015.
             Killed from afar by a thorn hunter (15 damage)
             ... with a volley of thorns
             ... on level 2 of the Swamp on Aug 17, 2015.
             The game lasted 01:58:53 (26139 turns).

HEYYEYAAE the Prestidigitator (DDCK)               Turns: 26139, Time: 01:58:56

Health: -3/179     AC: 21    Str: 24    XL:     18   Next: 18%
Magic:  1/1        EV: 22    Int:  9    God:    Xom [....*.]
Gold:   996        SH:  0    Dex: 17    Spells: 6 memorised, 9 levels left

rFire  + . .     SeeInvis .     y - +8 storm bow {elec}
rCold  . . .     Clarity  .     Q - +3 scale mail
rNeg   + . .     SustAt   .     (no shield)
rPois  +         Gourm    .     q - +0 helmet
rElec  .         Spirit   .     Y - +1 cloak
rCorr  .         Warding  .     b - +0 pair of gloves
rMut   .         Stasis   .     E - +0 pair of boots
MR     +++..                    g - amulet of faith
Stlth  ..........               Z - +3 ring of evasion
                                O - +3 ring of dexterity

@: about to teleport, non-regenerating, extremely resistant to hostile
enchantments, extremely unstealthy
A: damage resistance, recharge devices, yellow scales 1, dopey 2, fire
resistance 1, magic resistance 1, negative energy resistance 1, sense
surroundings 3, poison resistance, robust 1, slow healing 3, strong 1, evolution
1
a: Device Recharging, Renounce Religion


You were on level 2 of the Swamp.
You worshipped Xom.
You were a beloved toy of Xom.
You were not hungry.

You visited 5 branches of the dungeon, and saw 29 of its levels.
You also visited: Labyrinth, Bailey and Ice Cave.

You collected 3036 gold pieces.
You spent 2040 gold pieces at shops.

Inventory:

Hand weapons
 h - the +9 executioner's axe of the Jester {flame, rC+}
   (You found it on level 13 of the Dungeon)

   It has been specially enchanted to burn those struck by it, causing extra
   injury to most foes and up to half again as much damage against particularly
   susceptible opponents.
   Big, fiery blades are also staple armaments of hydra-hunters.
   It protects you from cold.
 y - the +8 storm bow (weapon) {elec}
   (You found it on level 6 of the Dungeon)

   It charges the ammunition it shoots with electricity; occasionally upon a
   hit, such missiles may discharge and cause terrible harm.
 L - a +1 war axe of draining
Missiles
 C - 108 arrows (quivered)
 D - 20 arrows of dispersal
Armour
 b - a +0 pair of gloves (worn)
 i - a +2 leather armour of fire resistance
 q - a +0 helmet (worn)
 E - a +0 pair of boots (worn)
 P - a +1 chain mail of poison resistance
 Q - a +3 scale mail (worn)
 Y - a +1 cloak (worn)
Jewellery
 g - an amulet of faith (around neck)
 O - a +3 ring of dexterity (left hand)
 U - an uncursed ring of teleportation
 V - an uncursed ring of ice
 Z - a +3 ring of evasion (right hand)
Magical devices
 c - a wand of heal wounds (2)
 e - a wand of cold (3)
 k - a wand of cold (9)
 m - a wand of polymorph (1)
 r - a wand of random effects (19)
 H - a wand of lightning (3)
 N - a wand of polymorph (12)
 R - a wand of hasting (1)
 T - a wand of digging (17)
 W - a wand of disintegration (11)
 X - a wand of fire (0)
Scrolls
 a - a scroll of summoning
 n - 16 scrolls of remove curse
 o - 8 scrolls of enchant armour
 u - 10 scrolls of enchant weapon
 x - a scroll of teleportation
 B - a scroll of recharging
 F - 2 scrolls of amnesia
 K - 4 scrolls of immolation
 M - 3 scrolls of fog
Potions
 j - 4 potions of agility
 l - 4 potions of brilliance
 p - 3 potions of cancellation
 s - 2 potions of lignification
 t - 5 potions of ambrosia
 w - 5 potions of might
 z - 2 potions of resistance
 A - 8 potions of curing
 G - a potion of magic
 J - a potion of flight
 S - 2 potions of cure mutation
Miscellaneous
 I - a lamp of fire (inert)
Comestibles
 d - 17 bread rations
 f - 14 meat rations
 v - 25 fruits


   Skills:
 + Level 10.8 Fighting
 - Level 8.1 Axes
 + Level 10.8 Bows
 + Level 12.3 Armour
 + Level 12.2 Dodging
 * Level 11.2 Spellcasting
 - Level 5.0 Transmutations
 - Level 6.8 Earth Magic
 + Level 13.7 Evocations


You had 9 spell levels left.
You knew the following spells:

 Your Spells              Type           Power        Failure   Level  Hunger
a - Statue Form           Trmt/Erth      ###......    100%        6    #######
b - Stoneskin             Trmt/Erth      ###.....     3%          2    None
c - Necromutation         Trmt/Necr      #.........   100%        8    #######
d - Summon Butterflies    Summ           #.......     30%         1    None
e - Shadow Creatures      Summ           N/A          100%        5    #####..
f - Death's Door          Chrm/Necr      #.........   100%        8    #######


Dungeon Overview and Level Annotations

Branches:
Dungeon (15/15)            Temple (0/1) D:4            Lair (6/8) D:10
  Swamp (2/4) Lair:4        Snake (0/4) Lair:3          Orc (4/4) D:12
    Elf (2/3) Orc:4        Vaults (0/5) D:14
  Slime: Lair:6-8    Depths: D:15

Altars:
Ashenzari
Cheibriados
Kikubaaqudgha
Nemelex Xobeh
Ru
Sif Muna
Trog
Vehumet
Xom
The Shining One
Beogh

Shops:
D:6 !   D:10 :   D:11 =   Orc:3 ?   Orc:4 !(:

Portals:
Pandemonium: Orc:4

Annotations:
D:14 exclusion: Roxanne, Roxanne
Swamp:2 Louise
Abyss:1 Duvessa


Innate Abilities, Weirdness & Mutations

You are resistant to damage.
You can recharge devices by infusing magical energy.
You resist negative energy.
You passively map a large area around you.
You do not heal naturally.
You are partially covered in yellow scales (AC +2).
You are very dopey. (Int -4)
Your flesh is heat resistant.
You are resistant to hostile enchantments.
Your system is resistant to poisons.
You are robust (+10% HP).
Your muscles are strong. (Str +2)
You evolve.


Message History

Unknown command.
Unknown command.
Unknown command.
Unknown command.
Unknown command.
Unknown command.
Unknown command.
Unknown command.
Evoke which item? (* to show all) (? for menu, Esc to quit)
Okay, then.
Read which item? (? for menu, Esc to quit)
As you read the scroll of teleportation, it crumbles to dust.
You feel strangely unstable.
The thorn hunter fires a volley of thorns at you.
The volley of thorns hits you!
* * * LOW HITPOINT WARNING * * *
The thorn hunter fires a volley of thorns at you.
The volley of thorns hits you!
You die...
Xom is highly amused!

*....≈.(≈≈≈.♣...≈≈≈≈♣≈≈≈♣.♣♣
*..$?♣.≈≈≈..≈≈♣.≈≈≈≈≈≈≈≈≈.♣
≈..,≈.≈≈..♣≈≈..≈≈......≈.♣
*≈J .J.♣≈PP....≈≈≈≈≈...≈≈.♣♣
* >
...♣♣PPP♣....≈..≈....≈≈.♣
,....≈≈fPP≈.≈≈≈≈≈≈≈.≈.≈..♣♣
≈ ≈ .PPPP≈≈§≈≈.≈≈(.(.≈.(♣
,♣♣PPP≈§§≈≈§.§(.♣≈≈..♣ , ,
♣.PPP§≈@..≈.†...≈≈†..♣ ≈ ≈ ,
♣.≈≈≈.≈≈≈§≈.♣♣(...≈≈≈♣ ≈
♣....≈≈≈≈.≈≈♣♣♣♣.≈♣≈.≈ ≈ ≈ ,
♣....♣..♣.≈$♣ ≈≈♣♣.. ≈
...@♣♣♣...≈.♣ ≈§≈♣.. > ≈,
♣..♣* ♣(≈≈≈.♣ .♣♣ * ♣..*
♣♣..≈.♣ * .♣* * ≈ .. ♣♣.§≈♣
, * * , * ≈ *, ♣♣≈.♣ *≈ *


You could see Louise and a thorn hunter.

Vanquished Creatures
  Maud (Lair:3)
  A deep elf sorcerer (Elf:1)
  A minotaur (Lab)
  Erolcha (Orc:3)
  Fannar (Orc:3)
  12 hydras
  4 dancing weapons (Elf:1)
  A catoblepas (D:14)
  A death yak (Lair:6)
  A tengu warrior (D:14)
  6 orc high priests
  A sun demon (Orc:3)
  A soul eater (Orc:4)
  2 infernal demonspawn (Orc:4)
  3 deep elf knights (Elf:1)
  A gelid demonspawn (Orc:4)
  11 deep elf summoners
  A shadow wraith (D:13)
  3 unseen horrors
  An ice statue (IceCv)
  A swamp dragon (Swamp:1)
  A wolf spider zombie (D:13)
  A shambling mangrove (Swamp:2)
  A necromancer (IceCv)
  6 hill giants
  An oklob plant (Lair:5)
  13 deep elf conjurers
  8 orc knights
  3 griffons
  6 ugly things
  5 cyclopes
  4 manticores
  A black mamba (shapeshifter) (D:14)
  7 orc sorcerers
  5 elephants (Lair:6)
  A guardian serpent (D:5)
  A rust devil (Orc:4)
  3 black mambas
  Joseph (D:10)
  2 gargoyles
  10 spiny frogs
  2 yaktaurs (D:14)
  3 kobold demonologists
  6 deep elf priests (Elf:1)
  13 komodo dragons
  A hellwing (Orc:4)
  A fire drake (D:10)
  A merfolk (D:9)
  12 freezing wraiths
  4 trolls
  Grinder (D:4)
  Prince Ribbit (D:6)
  A wind drake (Lair:5)
  A giant leech (Swamp:1)
  A snapping turtle (D:12)
  2 two-headed ogres
  13 blink frogs
  4 bog bodies
  A wolf spider simulacrum (IceCv)
  6 slime creatures
  3 wyverns
  Sigmund (D:4)
  23 yaks
  12 deep elf magi
  A spriggan (Swamp:1)
  13 deep elf fighters
  2 basilisks
  A ynoxinul (Orc:4)
  Eustachio (D:6)
  A hungry ghost (D:11)
  3 shadows
  A steam dragon (shapeshifter) (D:6)
  2 wraiths
  2 hogs (D:14)
  3 nagas (Lair:3)
  5 hippogriffs
  7 water moccasins
  13 vampire mosquitoes
  9 wolves
  6 swamp worms
  5 swamp drakes
  4 wasps
  39 orc warriors
  3 sky beasts
  An alligator simulacrum (IceCv)
  4 porcupines
  7 ogres
  A boggart (D:15)
  20 ice beasts
  4 centaurs
  3 big kobolds
  2 phantoms
  15 crocodiles
  Dowan (D:4)
  A gnoll sergeant (D:10)
  13 giant frogs
  4 scorpions
  A water moccasin skeleton (D:7)
  3 wights
  8 killer bees (D:10)
  5 crimson imps
  5 centaur zombies
  A giant frog zombie (D:8)
  A quasit (D:8)
  A wasp zombie (D:9)
  3 giant frog skeletons
  3 centaur skeletons
  2 draconian simulacra (IceCv)
  6 iguanas
  36 orc priests
  Ijyb (D:2)
  5 jellies
  Jessica (D:3)
  28 orc wizards
  3 hounds
  Natasha (twice) (D:3)
  2 spriggan simulacra (IceCv)
  16 worker ants
  2 wolf simulacra (IceCv)
  7 sheep
  6 troll simulacra (IceCv)
  6 centaur simulacra (IceCv)
  2 hound skeletons
  A hound zombie (D:7)
  2 worker ant zombies
  Robin (D:3)
  6 gnolls (D:10)
  8 adders
  33 river rats
  12 white imps (IceCv)
  2 naga simulacra (IceCv)
  2 ogre simulacra (IceCv)
  2 shadow imps
  An ooze (D:3)
  An adder skeleton (D:7)
  A worm (D:2)
  5 giant geckos
  203 orcs
  3 ball pythons (D:3)
  9 bats
  7 giant cockroaches
  15 goblins
  10 hobgoblins
  15 jackals
  15 kobolds
  3 quokkas
  8 giant newts
  A jackal skeleton (D:4)
  8 rats
  2 fungi (Lair:6)
977 creatures vanquished.

Vanquished Creatures (collateral kills)
  Kirke (D:14)
  A yaktaur captain (D:14)
  A hydra (Lair:6)
  A death yak (Lair:6)
  A dancing weapon (Elf:2)
  A hill giant (D:14)
  An orange demon (Orc:4)
  5 slime creatures (Swamp:2)
  A wyvern (D:5)
  3 hogs (D:14)
  A yak (D:14)
  A centaur zombie (D:6)
  A shadow imp (D:14)
19 creatures vanquished.

Vanquished Creatures (others)
  A deep elf mage (Elf:1)
  A briar patch (Swamp:2)
  2 bushes (Lair:5)
  2 fire vortices (Lair:6)
  2 fungi (Lair:5)
  A plant (Lair:2)
9 creatures vanquished.

Grand Total: 1005 creatures vanquished

Notes
Turn   | Place    | Note
--------------------------------------------------------------
     0 | D:1      | HEYYEYAAE the Deep Dwarf Chaos Knight began the quest for the Orb.
     0 | D:1      | Reached XP level 1. HP: 20/20 MP: 1/1
    59 | D:1      | XOM: harmless Trmt miscast
   150 | D:1      | Reached XP level 2. HP: 24/27 MP: 2/2
   289 | D:1      | Reached skill level 1 in Evocations
   552 | D:1      | Upgraded the game from 0.17-a0-1663-gb806841 to 0.17-a0-1667-g4ca74a1
   756 | D:2      | Reached XP level 3. HP: 21/34 MP: 4/4
   824 | D:2      | Reached skill level 1 in Spellcasting
   872 | D:2      | Found a sparkling altar of Nemelex Xobeh.
   882 | D:2      | XOM: divination: detect creatures
   990 | D:2      | XOM: harmless Summ miscast
  1136 | D:2      | XOM: harmless Conj miscast
  1276 | D:2      | Noticed Ijyb
  1292 | D:2      | Killed Ijyb
  1292 | D:2      | Reached XP level 4. HP: 37/42 MP: 5/5
  1677 | D:3      | Reached XP level 5. HP: 46/49 MP: 7/7
  1752 | D:3      | XOM: silly message
  1814 | D:3      | Noticed Robin
  1830 | D:3      | Killed Robin
  1873 | D:3      | XOM: cast spell 'Statue Form'
  1878 | D:3      | XOM: scenery: create altars
  1907 | D:3      | XOM: harmless Ice miscast
  1919 | D:3      | Noticed Jessica
  1924 | D:3      | Killed Jessica
  1924 | D:3      | Reached skill level 4 in Axes
  1964 | D:3      | Noticed Natasha
  1965 | D:3      | XOM: cast spell 'Stoneskin'
  1990 | D:3      | XOM: confusion (+ monsters)
  2007 | D:3      | Killed Natasha
  2154 | D:3      | XOM: silly message
  2155 | D:3      | XOM: cast spell 'Summon Small Mammal'
  2160 | D:3      | XOM: confuse monster(s)
  2172 | D:3      | Reached XP level 6. HP: 47/57 MP: 8/8
  2248 | D:3      | Noticed an orc warrior
  2268 | D:3      | XOM: silly message
  2304 | D:3      | XOM: potion effect (might)
  2307 | D:3      | Killed an orc warrior
  2339 | D:3      | XOM: harmless Ice miscast
  2364 | D:3      | Noticed Natasha
  2372 | D:3      | Killed Natasha
  2431 | D:4      | Found a shattered altar of Ashenzari.
  2469 | D:4      | XOM: divination: detect creatures
  2482 | D:4      | Reached XP level 7. HP: 32/63 MP: 8/8
  2571 | D:4      | XOM: give mutations
  2571 | D:4      | Gained mutation: Armour fits poorly on your strangely shaped body. [Xom's mischief]
  2571 | D:4      | Gained mutation: You are dopey. (Int -2) [Xom's mischief]
  2660 | D:4      | XOM: mild Ice miscast
  2716 | D:4      | Noticed Dowan
  2718 | D:4      | Noticed Duvessa
  2724 | D:4      | XOM: blink monster(s)
  2729 | D:4      | XOM: enchant monster (bad)
  2744 | D:4      | Banished Duvessa
  2747 | D:4      | Killed Dowan
  2857 | D:4      | XOM: mild Ice miscast
  2889 | D:4      | Noticed Grinder
  2902 | D:4      | XOM: blink monster(s)
  2912 | D:4      | XOM: harmless Chrm miscast
  2933 | D:4      | Killed Grinder
  2933 | D:4      | Reached skill level 5 in Axes
  2973 | D:4      | Found a staircase to the Ecumenical Temple.
  3095 | D:4      | Noticed Sigmund
  3117 | D:4      | Killed Sigmund
  3117 | D:4      | Reached XP level 8. HP: 47/73 MP: 8/8
  3232 | D:5      | Entered Level 5 of the Dungeon
  3248 | D:5      | XOM: divination: magic mapping
  3278 | D:5      | Noticed a troll
  3283 | D:5      | Noticed a guardian serpent
  3283 | D:5      | a troll changed into a guardian serpent
  3283 | D:5      | XOM: polymorph troll -> guardian serpent
  3284 | D:5      | Xom revived you
  3286 | D:5      | HP: 3/73 [guardian serpent (20)]
  3473 | D:5      | XOM: divination: detect creatures
  3478 | D:5      | XOM: summons 4 friendly demons
  3553 | D:5      | Reached skill level 5 in Armour
  3553 | D:5      | Reached skill level 5 in Evocations
  3555 | D:5      | Found a bloodstained altar of Trog.
  3611 | D:5      | XOM: confuse monster(s)
  3795 | D:6      | Noticed Prince Ribbit
  3810 | D:6      | Noticed Eustachio
  3822 | D:6      | Killed Prince Ribbit
  3822 | D:6      | Reached skill level 5 in Fighting
  3840 | D:6      | XOM: summons friendly quasit
  3845 | D:6      | Killed Eustachio
  3845 | D:6      | Reached skill level 6 in Axes
  3856 | D:6      | XOM: harmless Necr miscast
  3905 | D:6      | Reached skill level 5 in Dodging
  3914 | D:6      | Gained mutation: You passively map the area around you. [Deep Dwarf growth]
  3914 | D:6      | Reached XP level 9. HP: 45/81 MP: 6/8
  4021 | D:6      | XOM: mild Erth miscast
  4038 | D:6      | XOM: 4-stop teleportation journey
  4207 | D:6      | XOM: harmless Necr miscast
  4332 | D:6      | XOM: noise
  4786 | D:6      | XOM: mild Air miscast
  4813 | D:6      | Found Gionlak's Distillery.
  4820 | D:6      | Bought a potion of heal wounds for 55 gold pieces
  4820 | D:6      | Bought a potion of might for 44 gold pieces
  4820 | D:6      | Bought a potion of resistance for 110 gold pieces
  4820 | D:6      | Bought a potion of haste for 110 gold pieces
  4820 | D:6      | Bought a potion of curing for 33 gold pieces
  5119 | D:6      | XOM: medium Conj miscast
  5151 | D:5      | XOM: summons 6 friendly demons
  5160 | D:5      | XOM: silly message
  5170 | D:5      | Killed a guardian serpent
  5170 | D:5      | Reached skill level 1 in Bows
  5359 | D:5      | XOM: harmless Conj miscast
  6017 | D:7      | XOM: fog
  6144 | D:7      | XOM: god gift: club {god gift}
  6285 | D:7      | XOM: cast spell 'Dragon Form'
  6352 | D:7      | Found a glowing golden altar of the Shining One.
  6503 | D:8      | Reached skill level 7 in Evocations
  6586 | D:8      | XOM: enchant monster (good)
  6597 | D:8      | XOM: confusion
  6767 | D:8      | Reached XP level 10. HP: 52/91 MP: 8/8
  6942 | D:8      | XOM: vitrification
  7036 | D:9      | XOM: 2-stop teleportation journey
  7179 | D:9      | Found a snail-covered altar of Cheibriados.
  7179 | D:9      | Found a radiant altar of Vehumet.
  7182 | D:9      | Found a deep blue altar of Sif Muna.
  7191 | D:9      | Found an ancient bone altar of Kikubaaqudgha.
  7344 | D:9      | Reached skill level 5 in Spellcasting
  7476 | D:9      | Found a sacrificial altar of Ru.
  7511 | D:10     | Entered Level 10 of the Dungeon
  7659 | D:10     | Found Xoekhiyseu's Book Shoppe.
  7668 | D:10     | Noticed a hill giant
  7670 | D:10     | Killed a hill giant
  7687 | D:10     | Found a staircase to the Lair.
  7718 | D:10     | Found a snail-covered altar of Cheibriados.
  7893 | D:10     | Reached skill level 8 in Evocations
  7896 | D:10     | Noticed a hill giant
  7947 | D:10     | Noticed Joseph
  7956 | D:10     | Killed Joseph
  7984 | D:10     | XOM: noise
  7987 | D:10     | Killed a hill giant
  8115 | D:10     | Killed an unseen horror
  8115 | D:10     | Reached XP level 11. HP: 58/100 MP: 7/7
  8300 | D:10     | XOM: mild Trmt miscast
  8374 | D:10     | XOM: summons 3 hostile shadow creatures
  8375 | D:10     | Noticed a hill giant
  8399 | D:10     | Killed a hill giant
  8489 | D:10     | Noticed a hill giant
  8492 | D:10     | XOM: mild Necr miscast
  8505 | D:10     | Killed a hill giant
  8704 | D:10     | XOM: harmless Ice miscast
  8742 | D:10     | XOM: medium Trmt miscast
  8789 | D:11     | XOM: noise
  8806 | D:10     | XOM: fog
  8811 | D:10     | XOM: swap monsters
  8845 | D:11     | Reached skill level 5 in Bows
  8851 | D:11     | Noticed a hill giant
  8852 | D:11     | XOM: enchant monster (good)
  8981 | D:11     | Noticed a hill giant
  8984 | D:11     | Killed a hill giant
  9073 | D:11     | XOM: god gift: 12 arrows of flame
  9120 | D:11     | Found Lahairch's Jewellery Boutique.
  9123 | D:11     | XOM: summons friendly iron imp
  9199 | D:11     | Reached skill level 9 in Evocations
  9253 | D:11     | Killed a hill giant
  9299 | D:11     | Found a radiant altar of Vehumet.
  9770 | D:12     | XOM: swap monsters
  9791 | D:12     | XOM: divination: detect items
  9881 | D:12     | Found a staircase to the Orcish Mines.
  9919 | D:12     | XOM: potion effect (agility)
  9929 | D:12     | XOM: divination: magic mapping
  9933 | D:12     | XOM: silly message
 10048 | D:12     | XOM: harmless Ice miscast
 10064 | D:12     | XOM: harmless Summ miscast
 10128 | D:12     | XOM: harmless Fire miscast
 10131 | D:12     | XOM: potion effect (experience)
 10131 | D:12     | Reached skill level 10 in Evocations
 10131 | D:12     | Reached XP level 12. HP: 36/112 MP: 8/10
 10133 | D:12     | Noticed a ghost crab
 10133 | D:12     | a cyclops changed into a ghost crab
 10133 | D:12     | XOM: polymorph cyclops -> ghost crab
 10143 | D:12     | a ghost crab changed into a snapping turtle
 10143 | D:12     | XOM: polymorph ghost crab -> snapping turtle
 10218 | D:12     | Found a shimmering altar of Xom.
 10219 | D:12     | Found a shimmering altar of Xom.
 10226 | D:12     | Found a shimmering altar of Xom.
 10228 | D:12     | Found a shimmering altar of Xom.
 10228 | D:12     | Found a shimmering altar of Xom.
 10322 | Orc:1    | Entered Level 1 of the Orcish Mines
 10442 | Orc:1    | XOM: silly message
 10630 | Orc:2    | XOM: medium Chrm miscast
 10699 | Orc:2    | XOM: enchant monster (bad)
 10706 | Orc:2    | XOM: enchant monster (bad)
 10966 | Orc:1    | Reached XP level 13. HP: 76/118 MP: 11/11
 11068 | Orc:1    | XOM is BORED!
 11068 | Orc:1    | XOM: stat loss: -1 Dex (14/15)
 11127 | Orc:3    | Noticed Erolcha
 11131 | Orc:3    | Killed Erolcha
 11247 | Orc:3    | Found a bloodstained altar of Trog.
 11275 | Orc:3    | Found a roughly hewn altar of Beogh.
 11317 | Orc:3    | XOM: medium Pois miscast
 11375 | Orc:3    | XOM: mild Air miscast
 11619 | Orc:3    | Found Dyes Ota's Magic Scroll Shop.
 11638 | Orc:3    | Bought a scroll of teleportation for 33 gold pieces
 11638 | Orc:3    | Bought a scroll of fear for 38 gold pieces
 11638 | Orc:3    | Bought a scroll of identify for 22 gold pieces
 11679 | Orc:3    | XOM: silly message
 11680 | Orc:2    | Noticed Fannar
 11682 | Orc:3    | XOM: swap monsters
 11685 | Orc:3    | XOM: enchant monster (bad)
 11725 | Orc:2    | XOM: give mutations
 11725 | Orc:2    | Gained mutation: You are frail (-10% HP). [Xom's mischief]
 11725 | Orc:2    | Gained mutation: You are very dopey. (Int -4) [Xom's mischief]
 11725 | Orc:2    | Gained mutation: You possess an exceptional clarity of mind. [Xom's mischief]
 11725 | Orc:2    | Lost mutation: You possess an exceptional clarity of mind. [Xom's mischief]
 11814 | Orc:3    | Killed Fannar
 11914 | Orc:4    | Entered Level 4 of the Orcish Mines
 12007 | Orc:4    | XOM: enchant monster (bad)
 12172 | Orc:4    | Found a staircase to the Elven Halls.
 12219 | Orc:4    | XOM: harmless Pois miscast
 12339 | Orc:4    | Found Giuneng's Distillery.
 12438 | Orc:4    | Found Karrumar's Distillery.
 12544 | Orc:4    | XOM: noise
 12568 | Orc:4    | XOM: polymorph sixfirhy -> rust devil
 12571 | Orc:4    | XOM: swap monsters
 12587 | Orc:4    | XOM: chaos upgrade
 12602 | Orc:4    | XOM: confusion (+ monsters)
 12603 | Orc:4    | XOM: summons 6 hostile demons
 12605 | Orc:4    | XOM: torment (34/106 hp)
 12673 | Orc:4    | XOM: 1-stop teleportation journey
 12688 | Orc:4    | Reached skill level 11 in Evocations
 12717 | Orc:4    | XOM: enchant monster (bad)
 12719 | Orc:4    | XOM: enchant monster (bad)
 12760 | Orc:4    | XOM: enchant monster (bad)
 12767 | Orc:4    | XOM: summons 3 friendly demons
 12790 | Orc:3    | XOM: summons 6 hostile demons
 12944 | Orc:4    | Reached skill level 10 in Armour
 12981 | Orc:4    | XOM: divination: detect items
 13190 | Orc:4    | Bought a potion of heal wounds for 50 gold pieces
 13270 | Orc:4    | Reached skill level 10 in Dodging
 13281 | Orc:4    | Found Lephashu's Book Boutique.
 13281 | Orc:4    | Found a one-way gate leading to the halls of Pandemonium.
 13281 | Orc:4    | Found Siabadit's Antique Weapon Shop.
 13332 | Orc:4    | Bought a potion of invisibility for 88 gold pieces
 13332 | Orc:4    | Bought a potion of ambrosia for 88 gold pieces
 13332 | Orc:4    | Bought a potion of might for 44 gold pieces
 13332 | Orc:4    | Bought a potion of agility for 44 gold pieces
 13332 | Orc:4    | Bought a potion of cancellation for 88 gold pieces
 13332 | Orc:4    | Bought a potion of curing for 33 gold pieces
 13332 | Orc:4    | Bought a potion of agility for 44 gold pieces
 13334 | Orc:4    | Bought a potion of curing for 30 gold pieces
 13334 | Orc:4    | Bought a potion of cure mutation for 350 gold pieces
 13334 | Orc:4    | Bought a potion of brilliance for 40 gold pieces
 13334 | Orc:4    | Bought a potion of curing for 30 gold pieces
 13334 | Orc:4    | Bought a potion of cancellation for 80 gold pieces
 13334 | Orc:4    | Bought a potion of invisibility for 80 gold pieces
 13334 | Orc:4    | Bought a potion of curing for 30 gold pieces
 13430 | Orc:4    | XOM: silly message
 13823 | Elf:1    | Entered Level 1 of the Elven Halls
 13823 | Elf:1    | XOM: divination: magic mapping
 13844 | Elf:1    | XOM: potion effect (haste)
 13971 | Elf:1    | XOM: confuse monster(s)
 14053 | Elf:1    | Gained mutation: You resist negative energy. [Deep Dwarf growth]
 14053 | Elf:1    | Reached XP level 14. HP: 38/116 MP: 10/10
 14067 | Elf:1    | XOM: enchant monster (good)
 14079 | Elf:1    | XOM: enchant monster (bad)
 14081 | Elf:1    | XOM: smoke on damage
 14135 | Elf:1    | XOM: potion effect (might)
 14269 | Elf:1    | XOM: potion effect (heal wounds)
 14271 | Elf:1    | XOM: potion effect (haste)
 14365 | Elf:1    | Reached skill level 12 in Evocations
 14789 | Elf:1    | XOM: harmless Summ miscast
 14804 | Elf:1    | XOM: potion effect (haste)
 14882 | Elf:1    | Noticed a deep elf sorcerer
 14887 | Elf:1    | Killed a deep elf sorcerer
 14900 | Elf:1    | XOM: silly message
 14916 | Elf:1    | XOM: potion effect (might)
 14983 | Elf:1    | XOM: potion effect (haste)
 14985 | Elf:1    | XOM: harmless Air miscast
 15011 | Elf:1    | Identified Reetita's Guide on Enthralling Summoning (You found it on level 1 of the Elven Halls)
 15275 | Elf:1    | XOM: 1-stop teleportation journey
 15387 | Elf:2    | XOM: 1-stop teleportation journey
 15390 | Elf:2    | Found a runed gate.
 15390 | Elf:2    | Found a runed gate.
 15416 | Elf:2    | Found a runed gate.
 15417 | Elf:2    | XOM: smoke on damage
 15418 | Elf:2    | XOM: divination: detect creatures
 15438 | Elf:2    | XOM: confuse monster(s)
 15440 | Elf:2    | XOM: summons 7 friendly demons
 15518 | Orc:3    | XOM: harmless Conj miscast
 15636 | Orc:3    | Bought a scroll of recharging for 104 gold pieces
 15636 | Orc:3    | Bought a scroll of enchant weapon for 82 gold pieces
 15636 | Orc:3    | Bought a scroll of recharging for 104 gold pieces
 15636 | Orc:3    | Bought a scroll of enchant armour for 82 gold pieces
 15636 | Orc:3    | Bought a scroll of recharging for 104 gold pieces
 15719 | D:13     | XOM: divination: magic mapping
 16092 | D:13     | XOM: medium Divn miscast
 16096 | D:13     | Lost mutation: You are frail (-10% HP). [potion of cure mutation]
 16096 | D:13     | Lost mutation: Armour fits poorly on your strangely shaped body. [potion of cure mutation]
 16096 | D:13     | Lost mutation: You are very dopey. (Int -4) [potion of cure mutation]
 16096 | D:13     | Lost mutation: You are dopey. (Int -2) [potion of cure mutation]
 16097 | D:13     | Gained mutation: You evolve. [potion of beneficial mutation]
 16208 | D:13     | Got a faintly glowing executioner's axe
 16210 | D:13     | Identified the +9 executioner's axe of the Jester {flame, rC+} (You found it on level 13 of the Dungeon)
 16262 | D:13     | XOM: give mutations
 16262 | D:13     | Gained mutation: You are robust (+10% HP). [Xom's mischief]
 16262 | D:13     | Gained mutation: You are clumsy. (Dex -2) [Xom's mischief]
 16448 | D:13     | XOM: mild Summ miscast
 16540 | D:14     | Learned a level 6 spell: Statue Form
 16548 | D:14     | XOM: give mutations
 16548 | D:14     | Gained mutation: Scrolls take you a little longer to read. [Xom's mischief]
 16548 | D:14     | Gained mutation: You are weak. (Str -2) [Xom's mischief]
 16552 | D:14     | XOM: destruction
 16573 | D:14     | Found a flagged portal.
 16581 | Bailey   | Entered a bailey
 16692 | Bailey   | Reached skill level 10 in Fighting
 16764 | Bailey   | XOM: harmless Fire miscast
 16765 | Bailey   | XOM: give mutations
 16765 | Bailey   | Gained mutation: You are dopey. (Int -2) [Xom's mischief]
 16765 | Bailey   | Lost mutation: Scrolls take you a little longer to read. [Xom's mischief]
 16765 | Bailey   | Gained mutation: You are very dopey. (Int -4) [Xom's mischief]
 16765 | Bailey   | Gained mutation: Your system is resistant to poisons. [Xom's mischief]
 16811 | Bailey   | Reached skill level 1 in Transmutations
 16853 | Bailey   | XOM: noise
 16927 | Bailey   | XOM: mild Conj miscast
 16985 | D:14     | Reached skill level 10 in Bows
 16985 | D:14     | Reached skill level 1 in Earth Magic
 17011 | D:14     | XOM: confuse monster(s)
 17025 | D:14     | Reached XP level 15. HP: 94/151 MP: 3/3
 17076 | D:14     | Lost mutation: You are weak. (Str -2) [evolution]
 17270 | D:14     | XOM: summons 7 hostile demons
 17326 | D:14     | Noticed Roxanne
 17338 | D:15     | Entered Level 15 of the Dungeon
 17398 | D:15     | XOM: confusion
 17466 | D:15     | XOM: swap monsters
 17581 | D:15     | Learned a level 2 spell: Stoneskin
 17590 | D:15     | Learned a level 8 spell: Necromutation
 17592 | D:15     | Learned a level 1 spell: Summon Butterflies
 17598 | D:15     | Learned a level 5 spell: Shadow Creatures
 17607 | D:15     | Learned a level 8 spell: Death's Door
 17628 | D:15     | XOM: vitrification
 17694 | D:15     | XOM: polymorph red ugly thing -> alligator
 17697 | D:15     | XOM: 4-stop teleportation journey
 17732 | D:15     | Reached XP level 16. HP: 69/160 MP: 4/4
 17779 | D:15     | XOM: summons 4 friendly demons
 17787 | D:15     | XOM: 5-stop teleportation journey
 17890 | D:15     | XOM: cast spell 'Stoneskin'
 17910 | D:14     | Noticed Kirke
 17911 | D:14     | XOM: divination: detect creatures
 17921 | D:14     | Killed Kirke
 17965 | D:14     | XOM: 2-stop teleportation journey
 18014 | D:14     | XOM: polymorph red ugly thing -> griffon
 18022 | D:14     | XOM: 4-stop teleportation journey
 18143 | D:14     | XOM: 1-stop teleportation journey
 18218 | D:14     | XOM: mild Divn miscast
 18281 | D:14     | XOM: silly message
 18307 | D:14     | Found a gate to the Vaults.
 18319 | D:14     | Reached skill level 5 in Earth Magic
 18401 | D:14     | XOM: vitrification
 18458 | D:14     | XOM: give mutations
 18458 | D:14     | Gained mutation: You are partially covered in yellow scales (AC +2). [Xom's grace]
 18458 | D:14     | Gained mutation: Your muscles are strong. (Str +2) [Xom's grace]
 18458 | D:14     | Gained mutation: Your flesh is heat resistant. [Xom's grace]
 18561 | D:13     | XOM: 1-stop teleportation journey
 18732 | Lair:1   | Entered Level 1 of the Lair of Beasts
 18779 | Lair:1   | Reached skill level 13 in Evocations
 18942 | Lair:1   | Found a frozen archway.
 18994 | IceCv    | Entered an ice cave
 18994 | IceCv    | XOM: 1-stop teleportation journey
 19168 | IceCv    | XOM: divination: magic mapping
 19238 | IceCv    | Found an ancient bone altar of Kikubaaqudgha.
 19271 | IceCv    | XOM: noise
 19295 | IceCv    | XOM: colour smoke trail
 19388 | IceCv    | XOM: colour smoke trail
 19449 | IceCv    | XOM: noise
 19450 | IceCv    | XOM: confusion (+ monsters)
 19475 | IceCv    | XOM: mild Air miscast
 19572 | IceCv    | XOM: mild Trmt miscast
 19789 | Lair:1   | XOM: harmless Fire miscast
 20123 | Lair:2   | XOM: snakes to sticks
 20184 | Lair:2   | XOM: medium Erth miscast
 20401 | Lair:2   | XOM: noise
 20467 | Lair:2   | XOM: divination: magic mapping
 20541 | Lair:2   | XOM: colour smoke trail
 20654 | Lair:2   | XOM: harmless Trmt miscast
 20846 | Lair:3   | Found a staircase to the Snake Pit.
 20874 | Lair:3   | XOM: divination: detect items
 20990 | Lair:3   | XOM: harmless Hex miscast
 21039 | Lair:3   | XOM: 3-stop teleportation journey
 21085 | Lair:3   | Noticed Maud
 21087 | Lair:3   | XOM: 5-stop teleportation journey
 21094 | Lair:3   | XOM: confusion
 21104 | Lair:3   | XOM: fake destruction
 21113 | Lair:3   | XOM: enchant monster (good)
 21120 | Lair:3   | Killed Maud
 21120 | Lair:3   | Reached skill level 10 in Spellcasting
 21294 | Lair:3   | XOM: summons friendly shadow imp
 21586 | Lair:3   | XOM: god gift: runed glass wand {god gift}
 21857 | Lair:4   | XOM: 3-stop teleportation journey
 21900 | Lair:4   | XOM: summons friendly shadow imp
 21902 | Lair:4   | XOM: summons friendly shadow imp
 21931 | Lair:4   | Found a staircase to the Swamp.
 22345 | Lair:4   | XOM: give mutation
 22345 | Lair:4   | Gained mutation: You are resistant to hostile enchantments. [Xom's grace]
 22637 | Lair:4   | XOM is BORED!
 22637 | Lair:4   | XOM: medium Necr miscast
 22961 | Lair:5   | Found a labyrinth entrance.
 22974 | Lab      | Entered a labyrinth
 23284 | Lab      | XOM: confuse monster(s)
 23293 | Lab      | Got a sparkling tin amulet
 23296 | Lab      | Identified the amulet "Ozask" {Spirit rF- rC+ Str+4 Stlth+} (You found it in a labyrinth)
 23401 | Lair:5   | XOM: god gift: 67 gold pieces
 23495 | Lair:5   | XOM: 4-stop teleportation journey
 23634 | Lair:5   | Noticed Snorg
 23634 | Lair:5   | XOM: destruction
 23641 | Lair:5   | Noticed Snorg
 23641 | Lair:5   | Snorg changed into Snorg the wind drake
 23644 | Lair:5   | Killed Snorg the wind drake
 24007 | Lair:6   | XOM: harmless Divn miscast
 24222 | Lair:6   | XOM: summons friendly ufetubus
 24233 | Lair:6   | XOM: enchant monster (good)
 24235 | Lair:6   | XOM: summons friendly quasit
 24238 | Lair:6   | XOM: summons friendly ufetubus
 24240 | Lair:6   | XOM: confuse monster(s)
 24248 | Lair:6   | XOM: blink monster(s)
 24267 | Lair:6   | XOM: divination: magic mapping
 24270 | Lair:6   | XOM: medium Trmt miscast
 24306 | Lair:6   | XOM: noise
 24342 | Lair:6   | Reached XP level 17. HP: 78/169 MP: 3/3
 24435 | Lair:6   | XOM: confuse monster(s)
 24524 | Lair:6   | XOM: mild Fire miscast
 24605 | Lair:6   | XOM: medium Pois miscast
 24841 | Lair:6   | Gained mutation: You passively map a large area around you. [Deep Dwarf growth]
 24841 | Lair:6   | Reached XP level 18. HP: 76/179 MP: 3/3
 24896 | Lair:6   | XOM: silly message
 24986 | Swamp:1  | Entered Level 1 of the Swamp
 24995 | Swamp:1  | XOM: noise
 25125 | Swamp:1  | XOM: mild Erth miscast
 25488 | Swamp:1  | XOM: mild Trmt miscast
 25543 | Swamp:1  | XOM: potion effect (brilliance)
 25548 | Swamp:1  | XOM: confuse monster(s)
 25555 | Swamp:1  | Reached skill level 5 in Transmutations
 25702 | Swamp:1  | XOM: colour smoke trail
 25770 | Swamp:1  | XOM: confuse monster(s)
 25799 | Swamp:1  | XOM: god gift: leather armour {god gift}
 25868 | Swamp:2  | XOM: summons 8 friendly demons
 26008 | Swamp:2  | Lost mutation: You are clumsy. (Dex -2) [evolution]
 26118 | Swamp:2  | XOM: confuse monster(s)
 26136 | Swamp:2  | Noticed Louise
 26139 | Swamp:2  | Killed from afar by a thorn hunter

Vault maps used:
D:1:      roderic_octagonal_star, minmay_misc_feat_chi, kennysheep_boxes
D:2:      first_bread, nemelex_xobeh_ov_fountains_minmay, uniq_iyjb
D:3:      minmay_divided_ellipse, uniq_jessica, uniq_natasha, uniq_robin
D:4:      ashenzari_conservatory_becter, minmay_temple_entry_large_hall,
          kennysheep_small_square, uniq_duvessa, uniq_sigmund, uniq_grinder
D:5:      trog_three_pillars_becter
D:6:      serial_shops, shop, kennysheep_big_empty_room, nrook_uturn,
          uniq_eustachio, uniq_prince_ribbit1
D:7:      tso_oasis_becter
D:8:      cheibrodos_stairvault_heist
D:9:      nicolae_overflow_quartered_altars, hangedman_fish_farm, st_stairs_5,
          nicolae_ru_the_path_less_chosen
D:10:     minmay_lair_entry_lava, basic_altar, serial_shops,
          nicolae_shop_behind_doors, uniq_joseph
D:11:     serial_shops, nicolae_shop_crystal, david_defended_altar_elf
D:12:     david_orc_2, xom_redecorated
D:14:     david_vaults_2, enter_bailey_3, minivault_24, uniq_roxanne, uniq_kirke
D:15:     gammafunk_enter_depths_forms, minmay_door_square
Lair:1:   portal_ice_cave_entry_ice_beasts, beast_lair_carwin_11,
          grunt_megastairs_3, infiniplex_staircase_pool_2, serial_bayou_shore_b
Lair:3:   guppyfry_snake_entry_garden, uniq_maud
Lair:4:   swamp_mist_pool, lemuel_fruit_fields, grunt_megastairs_2
Lair:5:   lab_entry_generic, uniq_snorg
Lair:6:   beast_lair_carwin_10
Swamp:1:  nicolae_swamp_fairy_circle, swamp_pool3, nicolae_swamp_baby_hydras
Swamp:2:  nicolae_swamp_round_clearing, infiniplex_staircase_pool, uniq_louise
Orc:2:    uniq_fannar
Orc:3:    nicolae_orc_accident_2, serial_shops, shop_fountains,
          nicolae_orc_pool_cavern, bloody_trog, uniq_erolcha
Orc:4:    pf_orc_diabolical
Elf:1:    minmay_elf_arrival_circle, minmay_elf_demonology,
          hangedman_elven_crosses_minicolossus
Bailey:   bailey_polearm_5, bailey
IceCv:    ice_cave_small_necro

Action                   |  1- 3 |  4- 6 |  7- 9 | 10-12 | 13-15 | 16-18 || total
-------------------------+-------+-------+-------+-------+-------+-------++-------
Melee: Hand axe          |   124 |   217 |   391 |    11 |       |       ||   743
       Longbow           |       |       |       |     1 |     3 |       ||     4
       War axe           |       |       |       |       |    27 |       ||    27
       Executioner's axe |       |       |       |       |    49 |     4 ||    53
 Fire: Longbow           |       |       |   120 |   420 |   945 |   950 ||  2435
 Abil: Device Recharging |       |     2 |     7 |     3 |    13 |     7 ||    32
Evoke: Wand              |     1 |    13 |    25 |    32 |    81 |    54 ||   206
       Lamp of fire      |       |       |       |       |       |     3 ||     3
  Use: Potion            |       |     5 |     2 |     1 |    26 |     7 ||    41
       Scroll            |       |       |    15 |     8 |    16 |    14 ||    53
 Stab: Confused          |     1 |     1 |     2 |       |       |       ||     4
       Paralysed         |     1 |       |     5 |       |       |       ||     6
       Petrified         |       |       |     2 |       |       |       ||     2
       Invisible         |       |       |       |       |     2 |       ||     2
  Eat: Chunk             |       |     5 |    11 |    12 |    18 |    11 ||    57
       Royal jelly       |       |       |     1 |     1 |     1 |       ||     3
       Pizza             |       |       |     1 |       |     2 |     3 ||     6
       Beef jerky        |       |       |       |       |       |     7 ||     7
       Fruit             |       |       |       |       |       |     2 ||     2
